Map: Berlingrad LE

Players

AGOElazer (Elazer) - Winner!

  • Race: Zerg Zerg
  • League: Master

ShoWTimE

  • Race: Protoss Protoss
  • League: Grandmaster

Event: TSL 8

VOD

Have the link to the VOD?

Description

Time

  • Played on: Dec. 4, 2021, 7:23 a.m.
  • Length: 11:41

All games in this series

Show
View Real Time Build Order
Export as new Build Order

AGOElazer Zerg - Winner!

Build Orders: Hatch First 

Get SALT Encoding   

  12  0:00  Drone  
  13  0:12  Overlord  
  13  0:17  Drone  
  14  0:30  Drone x2  
  16  0:47  Hatchery  
  15  0:51  Drone  
  15  0:54  Drone  
  17  0:57  Drone  
  18  1:12  Spawning Pool  
  18  1:15  Drone  
  18  1:17  Extractor  
  17  1:22  Drone  
  18  1:27  Drone  
  19  1:38  Drone  
  20  1:49  Drone  
  20  1:53  Hatchery  
  20  1:59  Queen  
  23  2:01  Drone  
  23  2:05  Drone  
  24  2:11  Drone  
  24  2:13  Overlord  
  25  2:20  Queen  
  27  2:24  Drone  
  28  2:32  Zergling x4  
  28  2:36  Queen  
  32  2:38  Drone  
  32  2:43  Drone x2  
  35  2:50  Metabolic Boost  
  35  2:53  Zergling x2  
  36  3:04  Queen  
  38  3:06  Zergling x2  
  38  3:07  Overlord  
  38  3:09  Drone x2  
  41  3:16  Evolution Chamber  
  40  3:24  Spore Crawler  
  39  3:27  Drone x5  
  39  3:28  Drone  
  39  3:31  Drone x2  
  48  3:34  Overlord  
  48  3:43  Drone x2  
  48  3:48  Spore Crawler  
  49  3:49  Overlord  
  49  3:50  Drone  
  49  3:53  Drone x2  
  52  3:58  Queen  
  52  4:00  Overlord  
  52  4:02  Drone x2  
  56  4:06  Drone  
  56  4:08  Drone x2  
  59  4:13  Drone x3  
  59  4:15  Overlord x2  
  62  4:18  Drone  
  62  4:22  Drone x2  
  65  4:26  Drone  
  65  4:29  Drone  
  65  4:34  Drone x4  
  65  4:36  Queen  
  69  4:39  Drone  
  69  4:41  Spore Crawler  
  69  4:43  Spore Crawler  
  69  4:44  Drone  
  64  4:46  Drone  
  64  4:50  Drone x3  
  64  4:51  Drone  
  69  4:53  Drone  
  69  4:57  Drone  
  69  4:58  Drone x3  
  74  5:07  Overlord  
  74  5:09  Roach Warren, Extractor  
  74  5:10  Extractor  
  74  5:12  Lair  
  74  5:13  Drone x5  
  76  5:17  Drone  
  77  5:22  Overlord  
  77  5:23  Drone x4  
  81  5:28  Zergling x2  
  81  5:29  Zergling x4  
  81  5:31  Extractor  
  81  5:32  Extractor  
  82  5:35  Hatchery  
  82  5:37  Evolution Chamber, Extractor  
  82  5:38  Drone x3  
  82  5:48  Drone x5  
  86  5:54  Drone x3  
  86  5:55  Hatchery  
  88  6:04  Zerg Missile Weapons Level 1  
  88  6:07  Queen  
  90  6:11  Infestation Pit, Overlord  
  90  6:12  Spire  
  90  6:14  Roach x3  
  90  6:15  Hatchery  
  90  6:17  Roach  
  95  6:23  Overlord  
  95  6:26  Roach  
  95  6:27  Overlord x2  
  95  6:32  Roach x3  
  103  6:33  Zergling x6  
  105  6:46  Zergling x6  
  105  6:47  Zergling x6  
  111  6:52  Hive  
  111  6:53  Baneling Nest  
  110  6:55  Ravager x3  
  110  6:56  Ravager x3  
  110  6:57  Zergling x6  
  110  6:58  Zergling x12  
  125  7:03  Ravager x2  
  125  7:04  Zergling x2  
  125  7:05  Zergling x2  
  127  7:15  Overlord  
  127  7:16  Drone x4  
  127  7:19  Drone x4  
  135  7:26  Overlord  
  135  7:28  Drone x6  
  140  7:41  Drone x8  
  140  7:42  Drone  
  146  7:50  Drone x6  
  146  7:51  Drone x3  
  152  7:53  Drone x2, Extractor  
  152  7:55  Centrifugal Hooks, Extractor  
  152  7:56  Overlord  
  152  8:00  Zerg Missile Weapons Level 2, Overlord  
  152  8:03  Spore Crawler  
  151  8:10  Extractor  
  151  8:12  Spore Crawler, Extractor  
  147  8:20  Zergling x22  
  147  8:24  Greater Spire, Overlord  
  156  8:28  Drone x6  
  159  8:42  Overlord x2  
  159  8:43  Overlord  
  159  8:48  Spine Crawler  
  159  8:49  Spine Crawler  
  159  8:50  Spine Crawler  
  159  8:52  Spine Crawler, Mutalisk  
  159  8:53  Mutalisk x8  
  173  9:00  Mutalisk x9  
  191  9:03  Mutalisk  
  193  9:13  Overlord  
  192  9:19  Baneling x10  
  192  9:20  Baneling x6  
  192  9:23  Zergling x10  
  197  9:26  Baneling x8  
  197  9:28  Overlord  
  197  9:34  Baneling x9  
  195  9:44  Spine Crawler x2  
  193  9:47  Hatchery  
  193  9:48  Baneling x15  
  189  9:59  Zergling x14  
  199  10:00  Zergling x10  
  199  10:01  Adrenal Glands  
  199  10:04  Evolution Chamber  
  197  10:13  Roach x11  
  199  10:18  Zergling x16  
  200  10:30  Baneling x23  
  198  10:39  Zergling x8  
  194  11:03  Zergling x30  
  196  11:08  Zergling x4  
  196  11:09  Zergling x32  
  178  11:17  Roach x7  
Show
View Real Time Build Order
Export as new Build Order

ShoWTimE Protoss 

Build Orders: 1 Gate Expand, Oracle Opening, Phoenix Opening 

Get SALT Encoding   

  12  0:00  Probe  
  13  0:12  Probe  
  14  0:18  Pylon  
  14  0:24  Probe (Chrono Boost)  
  15  0:36  Probe (Chrono Boost)  
  15  0:38  Gateway  
  16  0:45  Probe (Chrono Boost)  
  16  0:47  Assimilator  
  17  0:51  Probe  
  18  1:03  Probe  
  19  1:15  Probe  
  20  1:22  Nexus  
  20  1:32  Cybernetics Core  
  20  1:35  Probe  
  20  1:39  Assimilator  
  22  1:47  Probe  
  22  1:49  Pylon  
  22  1:59  Probe  
  23  2:05  Adept (Chrono Boost)  
  25  2:11  Probe  
  26  2:19  Stargate  
  26  2:23  Probe (Chrono Boost)  
  26  2:25  Adept (Chrono Boost)  
  29  2:33  Warp Gate  
  29  2:34  Probe (Chrono Boost)  
  31  2:41  Probe (Chrono Boost)  
  31  2:43  Probe (Chrono Boost)  
  32  2:48  Adept, Probe x2 (Chrono Boost)  
  36  2:58  Pylon  
  36  2:59  Probe  
  36  3:00  Probe  
  36  3:04  Oracle  
  41  3:11  Probe  
  42  3:12  Probe  
  42  3:18  Adept  
  45  3:24  Probe  
  44  3:27  Probe  
  45  3:36  Nexus  
  45  3:38  Probe  
  45  3:40  Probe  
  47  3:44  Gateway  
  47  3:49  Phoenix (Chrono Boost)  
  47  3:54  Pylon  
  50  3:55  Probe  
  50  3:57  Probe  
  51  4:03  Assimilator  
  51  4:05  Assimilator, Oracle (Chrono Boost)  
  54  4:12  Probe x2  
  56  4:24  Probe x2, Pylon  
  58  4:36  Probe x2  
  58  4:38  Robotics Facility  
  60  4:46  Forge  
  60  4:47  Probe  
  60  4:48  Probe x2  
  60  4:50  Gateway  
  59  4:55  Sentry x2  
  59  4:59  Probe, Pylon  
  64  5:00  Probe x2  
  64  5:04  Gateway  
  66  5:12  Probe x2 (Chrono Boost)  
  69  5:16  Protoss Ground Weapons Level 1 (Chrono Boost)  
  69  5:17  Probe (Chrono Boost), Shield Battery  
  70  5:23  Probe x2 (Chrono Boost)  
  70  5:25  Immortal (Chrono Boost)  
  70  5:26  Pylon  
  70  5:27  Probe x2 (Chrono Boost)  
  70  5:28  Probe (Chrono Boost)  
  78  5:36  Probe  
  78  5:37  Robotics Bay  
  78  5:38  Probe  
  78  5:39  Probe  
  78  5:42  Assimilator, Sentry  
  83  5:46  Assimilator  
  83  5:49  Probe  
  84  5:50  Probe  
  84  5:51  Probe  
  84  5:52  Gateway  
  84  5:55  Twilight Council  
  84  5:56  Gateway  
  86  5:57  Observer  
  86  6:00  Gateway  
  86  6:01  Probe  
  88  6:05  Photon Cannon  
  88  6:06  Pylon  
  88  6:08  Pylon  
  88  6:15  Stalker x3  
  94  6:20  Warp Prism (Chrono Boost)  
  94  6:23  Pylon  
  93  6:29  Charge (Chrono Boost)  
  93  6:30  Photon Cannon  
  93  6:41  Pylon  
  93  6:46  Stalker x4  
  98  6:49  Probe x3  
  98  6:52  Phoenix (Chrono Boost)  
  103  6:57  Nexus  
  103  7:01  Probe x2  
  103  7:04  Probe  
  106  7:08  Protoss Ground Weapons Level 2 (Chrono Boost)  
  106  7:13  Probe  
  106  7:14  Phoenix (Chrono Boost)  
  107  7:18  Probe x2, Disruptor (Chrono Boost)  
  108  7:26  Photon Cannon  
  108  7:27  Photon Cannon x2  
  108  7:29  Zealot x2, Shield Battery  
  112  7:34  Zealot x2  
  115  7:44  Zealot x2  
  115  7:45  Observer (Chrono Boost)  
  115  7:47  Phoenix  
  115  7:50  Shield Battery  
  122  7:55  Dark Shrine  
  122  7:57  Nexus  
  122  7:58  Pylon  
  122  8:03  Disruptor (Chrono Boost)  
  122  8:05  Pylon  
  122  8:10  Gateway  
  122  8:11  Gateway  
  125  8:17  Pylon  
  125  8:19  Pylon  
  125  8:31  Disruptor (Chrono Boost)  
  125  8:32  Photon Cannon  
  125  8:33  Photon Cannon, Probe x3  
  128  8:45  Photon Cannon, Zealot  
  128  8:46  Zealot x3  
  136  8:49  Probe  
  136  8:50  Probe  
  136  8:51  Gateway  
  136  8:53  Gateway, Assimilator  
  138  8:58  Assimilator  
  138  9:01  Photon Cannon  
  138  9:04  Immortal (Chrono Boost), Photon Cannon  
  138  9:06  Shield Battery  
  138  9:08  Shield Battery  
  138  9:09  Dark Templar  
  144  9:12  Dark Templar x3  
  144  9:13  Dark Templar  
  152  9:17  Archon x2  
  152  9:20  Templar Archives  
  152  9:21  Dark Templar x2  
  154  9:32  Fleet Beacon  
  154  9:35  Stargate  
  148  9:39  Pylon  
  148  9:47  Dark Templar x3  
  148  9:51  Archon  
  152  9:53  Stalker  
  152  9:55  Phoenix (Chrono Boost), Probe  
  144  10:06  Probe x2  
  146  10:08  Probe  
  146  10:13  Phoenix (Chrono Boost)  
  131  10:17  Anion Pulse-Crystals (Chrono Boost), Pylon  
  131  10:21  Phoenix  
  129  10:31  Nexus  
  129  10:35  Phoenix  
  127  10:38  Zealot x4  
  127  10:40  Probe  
  129  10:46  Stalker, Phoenix  
  129  10:48  Probe x2  
  127  10:54  Probe, Pylon  
  128  11:00  Phoenix, Probe  
  111  11:06  Stalker x2  
  111  11:11  Phoenix  
  106  11:12  Zealot x3  
  106  11:17  Stalker  
  104  11:20  Stalker  
Tags
 
Add a new tag
Caveats
  • Supply blocks, unpowered buildings, or Contaminate may cause inaccurate times.
  • Supply counts are checked every 10 seconds.